 Dungeon Crawl Stone Soup version 0.29-a0-550-g81e455f4c2 (webtiles) character file.

Game seed: 9396971314222522544

9188 Querens the Blocker (level 11, 0/92 HPs)
             Began as a Formicid Fighter on June 5, 2022.
             Was a High Priest of Okawaru.
             Slain by a quicksilver ooze (17 damage)
             ... in an ice cave.
             The game lasted 00:32:08 (7691 turns).

Querens the Blocker (Formicid Fighter)              Turns: 7691, Time: 00:32:09

Health: 0/92       AC: 19    Str: 25    XL:     11   Next: 69%
Magic:  0/15       EV:  6    Int:  8    God:    Okawaru [*****.]
Gold:   795        SH: 11    Dex: 10    Spells: 10/10 levels left

rFire   + . .      SeeInvis +   G - +0 battleaxe
rCold   + . .      Faith    .   m - +0 kite shield
rNeg    . . .      Spirit   .   O - +0 plate armour
rPois   .          Reflect  .   (helmet unavailable)
rElec   .          Harm     .   (no cloak)
rCorr   .          Rampage  .   E - +1 pair of gloves {hurl}
Will    +....                   J - +1 pair of boots
Stlth   ..........              (no amulet)
HPRegen 0.25/turn               H - ring of protection from cold
MPRegen 0.14/turn               M - ring of protection from fire

@: engulfed (cannot breathe)
A: permanent stasis, dig shafts and tunnels, antennae 3, four strong arms
a: Dig, Renounce Religion, Heroism, Finesse, Duel


You were in an ice cave.
You worshipped Okawaru.
Okawaru was extremely pleased with you.
You visited 3 branches of the dungeon, and saw 12 of its levels.
You also visited: Ice Cave.

You collected 795 gold pieces.

Inventory:

Hand Weapons
 h - a +2 hand axe of flaming
 w - a +2 hand axe of electrocution
 G - a +0 battleaxe (weapon)
Missiles
 y - a throwing net
 N - 5 curare-tipped darts
Armour
 f - a +0 ring mail of cold resistance
 m - a +0 kite shield (worn)
 B - a +2 leather armour of fire resistance
 E - a +1 pair of gloves of hurling (worn)
 J - a +1 pair of boots (worn)
 O - a +0 plate armour (worn)
Jewellery
 r - a +6 ring of intelligence
 u - a ring of positive energy
 H - a ring of protection from cold (left hand)
 M - a ring of protection from fire (right hand)
Wands
 i - a wand of digging (4)
 o - a wand of mindburst (20)
 q - a wand of iceblast (1)
 F - a wand of acid (4)
 K - a wand of polymorph (10)
Scrolls
 c - a scroll of brand weapon
 e - 2 scrolls of enchant armour
 n - a scroll of enchant weapon {unknown}
 p - a scroll of poison
 s - 2 scrolls of amnesia
 v - 2 scrolls of fog
 C - 3 scrolls of immolation
Potions
 d - a potion of might
 j - a potion of cancellation {unknown}
 l - a potion of brilliance
 t - a potion of mutation {unknown}
 D - 3 potions of haste {unknown}
 I - a potion of flight {unknown}


   Skills:
 + Level 10.4 Fighting
 + Level 9.3 Axes
 + Level 10.4 Armour
 + Level 12.4 Shields
 + Level 5.7 Invocations


You had 10 spell levels left.
You didn't know any spells.
Your spell library contained the following spells:

 Spells                   Type           Power      Damage    Failure   Level
 Beastly Appendage        Tmut           0%         N/A       100%        1
 Necrotize                Necr           0%         1d4       100%        1
 Static Discharge         Conj/Air       0%         N/A       100%        2
 Wereblood                Tmut           0%         N/A       100%        2
 Lesser Beckoning         Tloc           0%         N/A       100%        3
 Spider Form              Tmut/Pois      0%         N/A       100%        3
 Vampiric Draining        Necr           0%         2d6       100%        3
 Agony                    Necr           0%         N/A       100%        5
 Lightning Bolt           Conj/Air       0%         1d11      100%        5
 Manifold Assault         Tloc           0%         N/A       100%        5
 Maxwell's Capacitive Co  Air            0%         ∞         100%        8
 Blink                    Tloc           Unusable   N/A       N/A         2

Dungeon Overview and Level Annotations

Branches:
Dungeon (9/15)             Temple (1/1) D:4             Orc (2/2) D:9
    Elf (0/3) Orc:2         IceCv (1/1)
   Lair: D:8-11

Altars:
Cheibriados
Dithmenos
Elyvilon
Fedhas
Hepliaklqana
Kikubaaqudgha
Makhleb
Nemelex Xobeh
Okawaru
Qazlal
Ru
Sif Muna
Trog
Uskayaw
Vehumet
Wu Jian
Yredelemnul
The Shining One
Jiyva

Shops:
D:9 ([   Orc:2 [


Innate Abilities, Weirdness & Mutations

You cannot be hasted, slowed, berserked, paralysed or teleported.
You can dig through walls and to a lower floor.
You have a pair of large antennae on your head. (SInv)
Your four strong arms can wield two-handed weapons with a shield.


Message History

You slip free of the ooze engulfing you.
You gasp with relief as air once again reaches your lungs.
The quicksilver ooze hits you. The quicksilver ooze engulfs you!
The quicksilver ooze hits you but does no damage.
You miss the quicksilver ooze.
The quicksilver ooze is severely wounded.
* * * LOW HITPOINT WARNING * * *
Your lungs strain for air!
The quicksilver ooze hits you.
* * * LOW HITPOINT WARNING * * *
You block the quicksilver ooze's attack.
The quicksilver ooze hits you.
You block the quicksilver ooze's attack.
You slip free of the ooze engulfing you.
You gasp with relief as air once again reaches your lungs.
You closely miss the quicksilver ooze.
The quicksilver ooze is heavily wounded.
You block the quicksilver ooze's attack.
The quicksilver ooze hits you but does no damage.
The quicksilver ooze hits you.
The quicksilver ooze hits you but does no damage.
You barely miss the quicksilver ooze.
The quicksilver ooze is heavily wounded.
The quicksilver ooze hits you.
The quicksilver ooze hits you but does no damage.
The quicksilver ooze hits you. The quicksilver ooze engulfs you!
The quicksilver ooze hits you but does no damage.
The quicksilver ooze barely misses you. The quicksilver ooze hits you.
* * * LOW HITPOINT WARNING * * *
You feel your power leaking away.
Unknown command.
You slip free of the ooze engulfing you.
You gasp with relief as air once again reaches your lungs.
You barely miss the quicksilver ooze.
The quicksilver ooze is heavily wounded.
The quicksilver ooze hits you.
* * * LOW HITPOINT WARNING * * *
The quicksilver ooze engulfs you! The quicksilver ooze barely misses you.
The quicksilver ooze hits you!
You die...

#.....##
......#
....#
#..##
#...##
##...#
##..##
##.J# #.@#
##.## #..#
#..# ###
##.####.##
#..##...#
#.....∩∩#
#..##...#
#.####.##


You could see a quicksilver ooze.

Vanquished Creatures
  A two-headed ogre (D:8)
  Pikel (D:4)
  2 orc knights
  A kobold demonologist (D:9)
  The ghost of KyoPewz the Digger, an amateur MeEE (D:4)
  2 hornets
  A wraith (D:9)
  3 yaks (D:8)
  2 steam dragons
  Duvessa (D:4)
  Edmund (D:4)
  2 water moccasins
  16 orc warriors
  2 ogres
  An ugly thing simulacrum (IceCv)
  An ice beast (D:5)
  2 centaurs
  A lemure (D:4)
  A kobold brigand (D:7)
  2 phantoms
  4 bullfrogs
  A gnoll sergeant (D:8)
  2 scorpions (D:5)
  A two-headed ogre simulacrum (Orc:2)
  13 wights
  Dowan (D:4)
  3 howler monkeys (D:7)
  3 hounds
  7 jellies
  8 orc priests
  3 iron imps (D:9)
  2 gnoll shamans
  Ijyb (D:5)
  10 orc wizards
  3 troll simulacra (Orc:2)
  A polar bear simulacrum (Orc:2)
  A wolf simulacrum (Orc:2)
  11 gnolls
  10 adders
  2 naga simulacra (Orc:2)
  A white imp (D:7)
  3 dart slugs
  47 orcs
  6 ball pythons
  4 bats
  13 endoplasms
  8 hobgoblins
  6 jackals (D:4)
  12 kobolds
  5 quokkas
  2 frilled lizards (D:1)
  11 goblins
  6 rats
255 creatures vanquished.

Vanquished Creatures (others)
  A gnoll (D:7)
1 creature vanquished.

Grand Total: 256 creatures vanquished

Notes
Turn   | Place    | Note
-------+----------+-------------------------------------------
     0 | D:1      | Querens the Formicid Fighter began the quest for the Orb.
     0 | D:1      | Reached XP level 1. HP: 18/18 MP: 1/1
    98 | D:1      | Reached XP level 2. HP: 14/24 MP: 2/2
   371 | D:1      | Reached XP level 3. HP: 16/29 MP: 3/3
   633 | D:2      | Found a faded altar of an unknown god.
   638 | D:2      | Reached XP level 4. HP: 23/37 MP: 4/4
  1192 | D:2      | Reached XP level 5. HP: 40/42 MP: 5/5
  1196 | D:2      | Reached skill level 5 in Shields
  2080 | D:3      | Found a snail-covered altar of Cheibriados.
  2180 | D:4      | Found an iron altar of Okawaru.
  2195 | D:4      | Reached XP level 6. HP: 30/44 MP: 6/6
  2199 | D:4      | Became a worshipper of Warmaster Okawaru
  2270 | D:4      | Found a bloodstained altar of Trog.
  2339 | D:4      | Noticed Dowan
  2340 | D:4      | Noticed Duvessa
  2354 | D:4      | HP: 2/46 [Duvessa/+4 short sword of protection (12)]
  2356 | D:4      | Reached skill level 10 in Shields
  2356 | D:4      | Reached XP level 7. HP: 20/60 MP: 7/7
  2367 | D:4      | Killed Duvessa
  2367 | D:4      | Killed Dowan
  2496 | D:4      | Found a staircase to the Ecumenical Temple.
  2503 | Temple   | Entered the Ecumenical Temple
  2651 | D:4      | Found a runed translucent door.
  2654 | D:4      | Noticed KyoPewz's ghost (amateur MeEE)
  2730 | D:5      | Entered Level 5 of the Dungeon
  2758 | D:5      | Reached * piety under Okawaru
  2760 | D:5      | Reached XP level 8. HP: 50/69 MP: 8/8
  2802 | D:5      | Noticed Ijyb
  2808 | D:5      | Killed Ijyb
  3309 | D:5      | Found a hide-covered altar of Uskayaw.
  3425 | D:4      | Noticed Pikel
  3440 | D:4      | Killed Pikel
  3440 | D:4      | Reached ** piety under Okawaru
  3441 | D:4      | Reached XP level 9. HP: 25/75 MP: 9/9
  3492 | D:4      | Noticed Edmund
  3504 | D:4      | Killed Edmund
  3760 | D:4      | Killed KyoPewz's ghost
  3906 | D:6      | Reached skill level 1 in Invocations
  4005 | D:6      | Reached *** piety under Okawaru
  4108 | D:6      | Found a shadowy altar of Dithmenos.
  4226 | D:6      | Reached skill level 11 in Shields
  4231 | D:6      | Reached XP level 10. HP: 59/81 MP: 11/11
  4253 | D:6      | Found a white marble altar of Elyvilon.
  4469 | D:7      | Reached **** piety under Okawaru
  4482 | D:7      | Found an ornate altar of the Wu Jian Council.
  4769 | D:7      | You fall into a shaft and drop 1 floor!
  4954 | D:8      | Noticed a two-headed ogre
  4961 | D:8      | Killed a two-headed ogre
  5046 | D:8      | Identified the +8 dagger of Chance {vamp, Str+4 Stlth+}
  5481 | D:9      | Reached ***** piety under Okawaru
  5482 | D:9      | Reached XP level 11. HP: 65/90 MP: 14/14
  5584 | D:9      | Found an ancient bone altar of Kikubaaqudgha.
  5612 | D:9      | Found a viscous altar of Jiyva.
  5664 | D:9      | Found Gerudyad's Weapon Shop.
  5664 | D:9      | Found a staircase to the Orcish Mines.
  5664 | D:9      | Found Ziturog's Armour Shop.
  5677 | D:9      | Reached skill level 10 in Fighting
  5821 | D:9      | Reached skill level 10 in Armour
  6088 | D:9      | Found a burning altar of Makhleb.
  6401 | Orc:1    | Entered Level 1 of the Orcish Mines
  6415 | Orc:1    | Reached skill level 12 in Shields
  6659 | Orc:1    | Reached skill level 5 in Invocations
  6730 | Orc:1    | Noticed an orc knight
  6756 | Orc:1    | Killed an orc knight
  6788 | Orc:1    | HP: 3/91 [orc warrior/+0 trident (11)]
  7315 | Orc:2    | Entered Level 2 of the Orcish Mines
  7316 | Orc:2    | Noticed an orc knight
  7332 | Orc:2    | Killed an orc knight
  7341 | Orc:2    | Found Nirofo's Antique Armour Shop.
  7376 | Orc:2    | Found a frozen archway.
  7381 | Orc:2    | Received a gift from Okawaru
  7468 | IceCv    | Entered an ice cave
  7677 | IceCv    | Noticed a quicksilver ooze
  7691 | IceCv    | Slain by a quicksilver ooze

Illustrated notes

Levels and vault maps discovered:
D:1:      dpeg_arrival_central, layout_basic
D:2:      layout_basic, hellmonk_ecumenical_altar_heavens_door, st_stairs_12,
          minmay_bisected
D:3:      corexii_shack_village, layout_basic, lemuel_round_altar
D:4:      layout_gridville, okawaru_metal_pillars_1_2,
          mainiacjoe_overflow_surrounded_room, minmay_temple_entry_nine_rooms,
          ebering_ghost_sewer_d, uniq_pikel, uniq_duvessa, uniq_edmund
D:5:      layout_basic, nicolae_uskayaw_suspiria, glass_columns_a,
          corexii_corridor_pit, uniq_ijyb
D:6:      layout_rooms, lemuel_coloured_pillars_altar, lemuel_tele_altar
D:7:      layout_rooms, nicolae_wu_jian_wuxing_cycle
D:8:      layout_basic
D:9:      layout_stronghold, demons_altar, kiku_gazebo_garden_becter,
          orc_david_3, jiyva_altar_1
Temple:   compressed_dpeg_triangle_lava_temple
Orc:1:    nicolae_orc_accident_1, layout_caves
Orc:2:    st_orc_town, layout_caves, serial_shops, shop, shop,
          nicolae_shop_crystal, portal_ice_cave_entry_ice_simulacra
IceCv:    ice_cave_hellmonk_azure_passage

Skill      XL: |  1  2  3  4  5  6  7  8  9 10 11 |
---------------+----------------------------------+-----
Fighting       | 4 8 9 10 | 10.4
Armour         | 4 8 9 10 | 10.4
Axes           | 3 7 8 9 |  9.3
Shields        | 5 10 11 12 | 12.4
Invocations    | 2 4 5 |  5.7

Action                   |  1- 3 |  4- 6 |  7- 9 | 10-12 || total
-------------------------+-------+-------+-------+-------++-------
Melee: War axe           |    59 |   116 |   160 |       ||   335
       Hand axe          |       |       |    39 |   246 ||   285
       Battleaxe         |       |       |       |   114 ||   114
Invok: Heroism           |       |       |     1 |     9 ||    10
 Abil: Dig               |       |     2 |       |     1 ||     3
Evoke: Wand              |       |       |     7 |    35 ||    42
  Use: Potion            |       |     8 |     1 |     5 ||    14
       Scroll            |       |       |     6 |     8 ||    14
 Stab: Paralysed         |       |       |     6 |    21 ||    27
Armor: Scale mail        |    17 |    46 |    33 |       ||    96
       Skin              |       |       |     7 |       ||     7
       Chain mail        |       |       |    66 |    75 ||   141
       Plate armour      |       |       |       |    62 ||    62
Dodge: Dodged            |    19 |    48 |    52 |    90 ||   209
Block: Buckler           |    18 |       |       |       ||    18
       Kite shield       |       |    66 |   144 |   234 ||   444

Table legend: (Time is in decaauts)
 A = Elapsed time spent in this place.
 B = Non-inter-level travel time spent in this place.
 C = Inter-level travel time spent in this place.
 D = Time resting spent in this place.
 E = Time spent auto-exploring this place.
 F = Levels seen in this place.
 G = Mean time per level.
                   A        B        C        D        E       F      G
               +--------+--------+--------+--------+--------+-----+--------+
         Total |   7807 |   7320 |    487 |   1040 |      0 |  13 |  600.5 |
       Dungeon |   6652 |   6178 |    474 |    441 |      0 |   9 |  739.1 |
        Temple |     64 |     64 |      0 |      0 |      0 |   1 |   64.0 |
  Orcish Mines |    864 |    851 |     13 |    410 |      0 |   2 |  432.0 |
      Ice Cave |    226 |    226 |      0 |    189 |      0 |   1 |  226.0 |
               +--------+--------+--------+--------+--------+-----+--------+

Top non-repeatable levels by time:
     D:9: 1242 daAuts
     D:4: 933 daAuts
     D:2: 887 daAuts
     D:3: 773 daAuts
     D:5: 763 daAuts
   Orc:1: 711 daAuts
     D:1: 585 daAuts
     D:8: 525 daAuts
     D:7: 487 daAuts
     D:6: 452 daAuts
   IceCv: 226 daAuts
   Orc:2: 153 daAuts
  Temple: 64 daAuts
